Match 46514608
Unlisted

Match 46514608
End
Selects Heavy Armor Battlegroup
Construct Section Command Post
Infantry Section
Infantry Section
Infantry Section
Selects Engineer Detachments
Construct Platoon Command Post
Infantry Section
Royal Engineer Section
Selects Forward Repair Assembly
CMP 15cwt Truck
Unlock M3 Stuart Light Tanks
M3 Stuart Light Tank
M3 Stuart Light Tank
The FBI
th3guardianz
Mr_NoteAr
User1diego
Allawenchen
Unicorn
OMG …(⊙_⊙;)… (TH)
Thumper's Dad
0
0

Comments sign in to comment!

No comments posted yet!